 Dungeon Crawl Stone Soup version 0.25.1-2-g60ff931df9 (webtiles) character file.

Game seed: 18156406154567033955

604 raphialitos the Archer (level 7, -1/58 HPs)
             Began as a Centaur Hunter on Oct 19, 2020.
             Killed by divine providence
             ... invoked by an orc priest
              (11 damage)
             ... on level 5 of the Dungeon.
             The game lasted 00:12:19 (4108 turns).

raphialitos the Archer (Centaur Hunter)             Turns: 4108, Time: 00:12:21

Health: -1/58      AC:  7    Str: 15    XL:     7   Next: 18%
Magic:  7/7        EV: 10    Int: 10    God:
Gold:   172        SH:  0    Dex: 11    Spells: 6/6 levels left

rFire    x . .     SeeInvis .   v - +1 falchion (holy)
rCold    + . .     Gourm    .   (no shield)
rNeg     . . .     Faith    .   c - +1 leather armour
rPois    .         Spirit   .   u - +0 helmet
rElec    .         Reflect  .   (no cloak)
rCorr    .         Harm     .   n - +0 pair of gloves
MR       .....                  (no barding)
Stlth    +.........             (no amulet)
HPRegen  0.19/turn              p - ring of ice
MPRegen  0.10/turn              (no ring)

@: very quick
A: large, hooves 3, deformed body, speed 2, tough skin 3
a: no special abilities


You were on level 5 of the Dungeon.
You were hungry.

You visited 1 branch of the dungeon, and saw 5 of its levels.

You collected 172 gold pieces.

Inventory:

Hand Weapons
 a - a +1 shortbow
 v - a +1 falchion of holy wrath (weapon)
Missiles
 h - 8 poisoned darts (quivered)
 l - 7 boomerangs
 q - 15 sling bullets
 s - 10 bolts
Armour
 c - a +1 leather armour (worn)
 n - a +0 pair of gloves (worn)
 u - a +0 helmet (worn)
Jewellery
 p - a ring of ice (left hand)
Wands
 j - a wand of iceblast (5)
Scrolls
 b - a scroll of enchant armour
 g - a scroll of amnesia {unknown}
 o - 2 scrolls of teleportation
 r - a scroll of magic mapping
 t - 3 scrolls of identify
Potions
 e - a potion of brilliance {unknown}
 i - 2 potions of flight
 k - a potion of lignification {unknown}
Comestibles
 f - 10 rations


   Skills:
 + Level 3.7 Fighting
   Level 0.5(1.3) Short Blades
 + Level 1.9(2.0) Long Blades
 + Level 9.2 Bows
 + Level 1.2 Armour
 + Level 2.1 Dodging
 + Level 0.5 Stealth


You had 6 spell levels left.
You didn't know any spells.
Your spell library was empty.

Dungeon Overview and Level Annotations

Branches:
Dungeon (5/15)
 Temple: D:4-7

Altars:
Cheibriados
The Shining One

Shops:
D:5 =


Innate Abilities, Weirdness & Mutations

You have hooves in place of feet.
Armour fits poorly on your strangely shaped body.
You cover ground very quickly.
You have extremely tough skin. (AC +3)


Message History

You throw a poisoned dart. The poisoned dart hits the orc priest.
The orc priest is poisoned.
The orc priest is moderately wounded.
Throwing (i - inventory. (/) - cycle)
h - 9 poisoned darts (quivered)
Press: ? - help, Shift-Dir - straight line, f/p - orc priest
Aim: an orc priest, wielding a +0 club and wearing a +0 leather armour (moderately wounded, poisoned)
You throw a poisoned dart. The poisoned dart hits the orc priest.
The orc priest looks even sicker.
The orc priest is moderately wounded.
Your +1 falchion of holy wrath softly glows with a divine radiance!
v - a +1 falchion of holy wrath (weapon)
The orc priest miscasts a cantrip.
You hit the orc priest. You kick the orc priest.
The orc priest is severely wounded.
The orc priest invokes the aid of Beogh against you.
Pain shoots through your body!
* * * LOW HITPOINT WARNING * * *
The orc priest invokes the aid of Beogh against you.
Beogh smites you!
You die...

#....(....o..((.##.##.# #.#
#....(###...##..##.##<# #.#
#....(# #.?%##..##.##.####.#
####....o# ######..#...........
.........# #####..#.#.#.####.#
...?.....# #.................#
.........# #####..#.##..####.#
........)########(.#.##..####.#
..((($..(.o((o@..).#...........
##.###........###..#.###>##....
#. #........###..#.###.##.... .
................#.....##....
###........###.##.######....
#..........#.##.#
##.####....#.##.# #.
#>...#.##.# #. #....#
#.##########


You could see 2 orc priests.

Vanquished Creatures
  Menkaure (D:5)
  A sky beast (D:5)
  A scorpion (D:4)
  A howler monkey (D:4)
  A centaur skeleton (D:2)
  2 orc priests (D:5)
  A hound (D:4)
  A worker ant (D:5)
  4 adders
  A shadow imp (D:5)
  4 oozes
  An adder zombie (D:5)
  4 worms
  3 dart slugs
  4 leopard geckos
  8 orcs
  9 bats
  4 giant cockroaches
  8 goblins
  4 hobgoblins
  4 jackals (D:1)
  2 kobolds (D:1)
  3 quokkas
  2 frilled lizards (D:2)
  2 leopard gecko skeletons (D:4)
  A quokka skeleton (D:4)
  14 rats
91 creatures vanquished.

Notes
Turn   | Place    | Note
-------+----------+-------------------------------------------
     0 | D:1      | raphialitos the Centaur Hunter began the quest for the Orb.
     0 | D:1      | Reached XP level 1. HP: 17/17 MP: 1/1
   194 | D:1      | Reached XP level 2. HP: 24/24 MP: 2/2
   300 | D:1      | Reached skill level 6 in Bows
   509 | D:1      | Reached XP level 3. HP: 20/29 MP: 3/3
   820 | D:2      | Found a snail-covered altar of Cheibriados.
  1065 | D:2      | Reached XP level 4. HP: 10/36 MP: 4/4
  1635 | D:3      | Reached skill level 7 in Bows
  2235 | D:4      | Reached XP level 5. HP: 30/42 MP: 5/5
  2670 | D:4      | Reached skill level 8 in Bows
  2860 | D:4      | Found a glowing golden altar of the Shining One.
  3062 | D:4      | Reached skill level 1 in Armour
  3166 | D:4      | Reached XP level 6. HP: 50/50 MP: 6/6
  3379 | D:5      | Entered Level 5 of the Dungeon
  3379 | D:5      | Noticed a sky beast
  3390 | D:5      | Killed a sky beast
  3390 | D:5      | Reached skill level 1 in Long Blades
  3495 | D:5      | Found Taewil's Jewellery Shoppe.
  4009 | D:5      | Noticed Menkaure
  4072 | D:5      | Killed Menkaure
  4072 | D:5      | Reached skill level 9 in Bows
  4072 | D:5      | Reached XP level 7. HP: 16/58 MP: 7/7
  4108 | D:5      | Killed from afar by an orc priest

Illustrated notes

Levels and vault maps discovered:
D:1:      dpeg_arrival_tiny_a, layout_rooms, minmay_cut_off
D:2:      layout_rooms, cheibriados_altar_1, minmay_strange_pillars, st_stairs_6
D:3:      layout_basic
D:4:      layout_cave_pods, nicolae_tso_carved_into_rock, first_ration,
          chequers_serial_rivers_micro_b, minmay_misc_feat_square
D:5:      layout_basic, zin_statuary, serial_shops, shop,
          okawaru_altar_gauntlet_db, uniq_menkaure

Skill      XL: |  1  2  3  4  5  6 |
---------------+-------------------+-----
Bows           | 6 7 8 9 |  9.2
Dodging        | 2 |  2.1
Armour         | 1 |  1.2
Fighting       | 3 |  3.7
Long Blades    | 1 |  1.9
Short Blades   | |  0.5
Stealth        | |  0.5

Action                   |  1- 3 |  4- 6 |  7- 9 || total
-------------------------+-------+-------+-------++-------
Melee: Short sword       |    31 |    10 |       ||    41
       Kick              |     8 |    17 |     1 ||    26
       Long sword        |       |    24 |       ||    24
       Falchion          |       |    43 |     1 ||    44
 Fire: Shortbow          |    74 |   160 |     1 ||   235
Throw: Dart              |       |     1 |     7 ||     8
  Use: Scroll            |     2 |     7 |       ||     9
       Potion            |       |     1 |       ||     1
  Eat: Chunk             |       |     7 |       ||     7
Armor: Leather armour    |    19 |    31 |       ||    50
Dodge: Dodged            |    19 |    50 |       ||    69
       Rpst.: Long sword |       |     4 |       ||     4
       Falchion          |       |     8 |       ||     8
